Long Beach Ice Dogs vs Niagara IceDogs
Created - Saturday, June 10, 2023 at 05:49
Goals
|
| Long Beach Ice Dogs |
2 |
3 |
3 |
8 |
| Niagara IceDogs |
1 |
5 |
1 |
7 |
|
Shots
|
| Long Beach Ice Dogs |
12 |
13 |
13 |
38 |
| Niagara IceDogs |
16 |
16 |
6 |
38 |
|
1st period
1. Long Beach Ice Dogs , Gabriel Vilardi 49 (Brendan Gallagher 60, Olli Juolevi 8) at 1:49
2. Long Beach Ice Dogs , Victor Rask 27 (Zack Kassian 30, Lukas Dostal) at 2:59 (PP)
3. Niagara IceDogs , Jonatan Berggren 33 (Joachim Blichfeld 32) at 11:25 (PP)
Penalties :
Jonatan Berggren (NID) for Tripping (Minor) at 2:28, Joachim Blichfeld (NID) for Tripping (Minor) at 7:58, Dysin Mayo (TRM) for Roughing (Minor) at 11:23
2nd period
4. Long Beach Ice Dogs , Alex Galchenyuk 26 (Janis Moser 14, Victor Rask 44) at 1:23
5. Long Beach Ice Dogs , Jansen Harkins 9 (Darren Helm 27) at 1:49
6. Niagara IceDogs , Arttu Ruotsalainen 42 (Rasmus Asplund 7, Ian Mitchell 40) at 7:39 (SH)
7. Long Beach Ice Dogs , Darren Helm 23 (Gabriel Vilardi 42, Justin Schultz 29) at 7:58 (PP)
8. Niagara IceDogs , Arttu Ruotsalainen 43 (Jayden Halbgewachs 32, Conor Timmins 29) at 10:55
9. Niagara IceDogs , Joachim Blichfeld 41 (Anthony Angello 22, Conor Timmins 30) at 13:42
10. Niagara IceDogs , Aliaksei Protas 36 (Rasmus Asplund 8, Jacob MacDonald 16) at 14:07
11. Niagara IceDogs , Aliaksei Protas 37 (Rasmus Asplund 9, Arttu Ruotsalainen 64) at 18:31 (PP)
Penalties :
Anthony Angello (NID) for Fighting (Major) at 0:27, Jujhar Khaira (TRM) for Fighting (Major) at 0:27, Alex Galchenyuk (TRM) for Cross-checking (Minor) at 2:26, Joseph Duszak (NID) for Elbowing (Minor) at 7:17, Zack Kassian (TRM) for Hooking (Minor) at 17:51
3rd period
12. Niagara IceDogs , Jonatan Berggren 34 (Joachim Blichfeld 33, Conor Timmins 31) at 4:38 (PP)
13. Long Beach Ice Dogs , Shane Bowers 7 (Trey Fix-Wolansky 11, Logan Brown 21) at 5:35
14. Long Beach Ice Dogs , Zack Kassian 23 (Victor Rask 45) at 6:45 (PP)
15. Long Beach Ice Dogs , Darren Helm 24 (William Lagesson 25, Gabriel Vilardi 43) at 7:35
Penalties :
Shane Bowers (TRM) for Tripping (Minor) at 4:02, Alex Whelan (NID) for Roughing (Minor) at 6:37, Ostap Safin (NID) for Elbowing (Minor) at 8:46
Goalie Stats
Lukas Dostal (TRM), 31 saves from 38 shots - (0.816), W, 13-12-2, 60:00 minutes
Dylan Ferguson (NID), 30 saves from 38 shots - (0.789), L, 15-6-1, 58:32 minutes
Players Stats for Long Beach Ice Dogs
Player Name G A P +/- PIM S H SB GA TA FO MP PP MP PK MP
------------------------------------------------------------------------------------
Alex Galchenyuk 1 0 1 -1 2 1 1 0 2 1 0/0 16:52 2:34 0:00
Brendan Gallagher 0 1 1 1 0 1 1 1 0 0 0/2 20:18 2:40 1:25
Darren Helm 2 1 3 1 0 7 1 0 0 1 2/2 20:18 2:40 1:25
Dysin Mayo 0 0 0 1 2 0 2 3 0 2 0/0 22:35 2:43 1:28
Gabriel Vilardi 1 2 3 1 0 6 2 0 3 1 12/26 20:32 2:40 1:39
Janis Moser 0 1 1 -1 0 2 2 4 2 0 0/0 22:19 2:35 1:47
Jansen Harkins 1 0 1 0 0 1 1 0 0 0 0/0 12:21 0:00 0:00
Jujhar Khaira 0 0 0 -1 5 2 1 0 0 0 7/10 11:45 0:04 0:00
Justin Schultz 0 1 1 1 0 1 0 2 0 2 0/0 22:38 2:43 1:30
Logan Brown 0 1 1 1 0 2 1 0 0 1 0/1 8:34 0:00 0:13
Mathieu Olivier 0 0 0 0 0 4 1 0 0 0 0/2 12:39 0:04 0:00
Olli Juolevi 0 1 1 1 0 0 0 1 1 0 0/0 15:05 0:00 0:02
Riley Stillman 0 0 0 -1 0 0 5 1 0 2 0/0 22:19 2:35 1:47
Shane Bowers 1 0 1 2 2 1 3 0 0 0 1/2 9:28 0:04 0:00
Trey Fix-Wolansky 0 1 1 1 0 1 0 0 0 0 0/0 8:18 0:00 0:00
Victor Rask 1 2 3 -1 0 5 0 1 1 1 11/19 18:29 2:34 1:39
William Lagesson 0 1 1 1 0 0 3 0 0 1 0/0 15:03 0:00 0:00
Zack Kassian 1 1 2 -1 2 4 3 1 0 0 0/1 17:05 2:34 0:13
Players Stats for Niagara IceDogs
Player Name G A P +/- PIM S H SB GA TA FO MP PP MP PK MP
------------------------------------------------------------------------------------
Alex Whelan 0 0 0 -1 2 0 2 0 0 0 0/0 13:47 0:10 0:00
Aliaksei Protas 2 0 2 1 0 4 1 0 0 0 2/5 19:05 1:24 2:31
Anthony Angello 0 1 1 0 5 2 0 0 0 1 2/2 15:05 0:44 0:00
Arttu Ruotsalainen 2 1 3 2 0 3 1 1 3 0 2/2 19:06 1:24 2:32
Conor Timmins 0 3 3 -1 0 1 1 5 1 0 0/0 20:48 2:28 2:35
Filip Kral 0 0 0 0 0 0 0 1 0 0 0/0 14:35 0:00 0:00
Ian Mitchell 0 1 1 0 0 1 0 3 0 3 0/0 24:37 0:49 2:43
Jacob MacDonald 0 1 1 0 0 0 1 2 0 0 0/0 24:37 0:49 2:43
James Hamblin 0 0 0 -1 0 6 0 1 1 0 0/2 14:22 0:00 0:41
Jayden Halbgewachs 0 1 1 -1 0 4 2 1 1 1 3/6 14:03 0:25 0:00
Joachim Blichfeld 1 2 3 -1 2 5 0 0 3 0 1/2 17:30 1:43 0:00
John Ludvig 0 0 0 -1 0 0 2 1 1 0 0/0 20:48 2:28 2:35
Jonatan Berggren 2 0 2 -1 2 4 2 0 2 1 10/16 19:14 1:43 2:05
Joseph Duszak 0 0 0 0 2 1 0 0 0 1 0/0 14:34 0:00 0:00
Nicholas Robertson 0 0 0 -1 0 3 0 0 0 0 0/0 7:38 0:10 0:15
Ostap Safin 0 0 0 -1 2 0 3 0 0 0 0/0 6:48 0:00 0:00
Rasmus Asplund 0 3 3 1 0 4 1 1 0 2 12/30 23:13 1:24 2:32
Tim Soderlund 0 0 0 -1 0 0 0 0 0 0 0/0 4:46 0:44 0:00
3 Stars
1 - Arttu Ruotsalainen (NID)
2 - Darren Helm (TRM)
3 - Gabriel Vilardi (TRM)
Power Play
Long Beach Ice Dogs - 3 on 5 Attempt(s) - 60.00%
Niagara IceDogs - 3 on 4 Attempt(s) - 75.00%
Penalty Kill
Long Beach Ice Dogs - 1 on 4 Attempt(s) - 25.00%
- Score 0 goal in Penalty Kill
Niagara IceDogs - 2 on 5 Attempt(s) - 40.00%
- Score 1 goal in Penalty Kill
Team Stat
Long Beach Ice Dogs - Hits : 27 - Faceoff Wins : 33 - Blocked Shots : 14 - Penalty Minutes : 13
Niagara IceDogs - Hits : 16 - Faceoff Wins : 32 - Blocked Shots : 16 - Penalty Minutes : 15
Official
Referees : Wes McCauley and Trevor Hanson
Linesman : Shane Heyer and Bryan Pancich
Game Notes
Anthony Angello beats up Jujhar Khaira at 0:27 of 2nd period
Long Beach Ice Dogs
5 vs 5 Forward
Center Left Wing Right Wing Time % Phy DF OF
1 Gabriel Vilardi Darren Helm Brendan Gallagher 30 1 2 2
2 Victor Rask Alex Galchenyuk Zack Kassian 30 1 2 2
3 Jujhar Khaira Jansen Harkins Mathieu Olivier 25 1 2 2
4 Logan Brown Shane Bowers Trey Fix-Wolansky 15 1 2 2
5 vs 5 Defense
Defense Defense Time % Phy DF OF
1 Dysin Mayo Justin Schultz 35 1 2 2
2 Riley Stillman Janis Moser 35 1 2 2
3 William Lagesson Olli Juolevi 30 1 2 2
4 Dysin Mayo Justin Schultz 0 1 2 2
PowerPlay Forward
Center Left Wing Right Wing Time % Phy DF OF
1 Gabriel Vilardi Darren Helm Brendan Gallagher 50 1 2 2
2 Victor Rask Alex Galchenyuk Zack Kassian 50 1 2 2
PowerPlay Defense
Defense Defense Time % Phy DF OF
1 Dysin Mayo Justin Schultz 50 1 2 2
2 Riley Stillman Janis Moser 50 1 2 2
Penalty Kill 4 Players Forward
Center Wing Time % Phy DF OF
1 Brendan Gallagher Darren Helm 50 1 2 2
2 Gabriel Vilardi Victor Rask 50 1 2 2
Penalty Kill 4 Players Defense
Defense Defense Time % Phy DF OF
1 Dysin Mayo Justin Schultz 50 1 2 2
2 Riley Stillman Janis Moser 50 1 2 2
Penalty Kill - 3 Players Forward
Forward Time % Phy DF OF
1 Brendan Gallagher 50 1 2 2
2 Darren Helm 50 1 2 2
Penalty Kill - 3 Players Defense
Defense Defense Time % Phy DF OF
1 Dysin Mayo Justin Schultz 50 1 2 2
2 Riley Stillman Janis Moser 50 1 2 2
4 vs 4 Forward
Center Wing Time % Phy DF OF
1 Brendan Gallagher Darren Helm 50 1 2 2
2 Gabriel Vilardi Victor Rask 50 1 2 2
4 vs 4 Defense
Defense Defense Time % Phy DF OF
1 Dysin Mayo Justin Schultz 50 1 2 2
2 Riley Stillman Janis Moser 50 1 2 2
Last Minutes Offensive
Center Left Wing Right Wing Defense Defense
Gabriel Vilardi Darren Helm Brendan Gallagher Dysin Mayo Justin Schultz
Last Minutes Defensive
Center Left Wing Right Wing Defense Defense
Gabriel Vilardi Darren Helm Brendan Gallagher Dysin Mayo Justin Schultz
Goaltenders
Starting : Lukas Dostal
Backup : Akira Schmid
Extra Forwards
Normal : Shane Bowers, Jujhar Khaira, Logan Brown - PP : Shane Bowers, Jujhar Khaira - PK : Logan Brown
Extra Defensemen
Normal : William Lagesson, Olli Juolevi, Riley Stillman - PP : William Lagesson - PK : Olli Juolevi, Riley Stillman
Penalty Shots
Brendan Gallagher, Darren Helm, Gabriel Vilardi, Victor Rask, Alex Galchenyuk
Niagara IceDogs
5 vs 5 Forward
Center Left Wing Right Wing Time % Phy DF OF
1 Rasmus Asplund Arttu Ruotsalainen Aliaksei Protas 30 1 2 2
2 Jonatan Berggren Joachim Blichfeld Anthony Angello 30 1 2 2
3 Jayden Halbgewachs James Hamblin Alex Whelan 25 1 2 2
4 Rasmus Asplund Nicholas Robertson Ostap Safin 15 1 2 2
5 vs 5 Defense
Defense Defense Time % Phy DF OF
1 Ian Mitchell Jacob MacDonald 30 1 2 2
2 Conor Timmins John Ludvig 30 1 2 2
3 Joseph Duszak Filip Kral 25 1 2 2
4 Ian Mitchell Jacob MacDonald 15 1 2 2
PowerPlay Forward
Center Left Wing Right Wing Time % Phy DF OF
1 Rasmus Asplund Arttu Ruotsalainen Aliaksei Protas 50 1 2 2
2 Jonatan Berggren Joachim Blichfeld Anthony Angello 50 1 2 2
PowerPlay Defense
Defense Defense Time % Phy DF OF
1 Ian Mitchell Jacob MacDonald 50 1 2 2
2 Conor Timmins John Ludvig 50 1 2 2
Penalty Kill 4 Players Forward
Center Wing Time % Phy DF OF
1 Rasmus Asplund Arttu Ruotsalainen 50 1 2 2
2 Aliaksei Protas Jonatan Berggren 50 1 2 2
Penalty Kill 4 Players Defense
Defense Defense Time % Phy DF OF
1 Ian Mitchell Jacob MacDonald 50 1 2 2
2 Conor Timmins John Ludvig 50 1 2 2
Penalty Kill - 3 Players Forward
Forward Time % Phy DF OF
1 Rasmus Asplund 50 1 2 2
2 Arttu Ruotsalainen 50 1 2 2
Penalty Kill - 3 Players Defense
Defense Defense Time % Phy DF OF
1 Ian Mitchell Jacob MacDonald 50 1 2 2
2 Conor Timmins John Ludvig 50 1 2 2
4 vs 4 Forward
Center Wing Time % Phy DF OF
1 Rasmus Asplund Arttu Ruotsalainen 50 1 2 2
2 Aliaksei Protas Jonatan Berggren 50 1 2 2
4 vs 4 Defense
Defense Defense Time % Phy DF OF
1 Ian Mitchell Jacob MacDonald 50 1 2 2
2 Conor Timmins John Ludvig 50 1 2 2
Last Minutes Offensive
Center Left Wing Right Wing Defense Defense
Rasmus Asplund Arttu Ruotsalainen Aliaksei Protas Ian Mitchell Jacob MacDonald
Last Minutes Defensive
Center Left Wing Right Wing Defense Defense
Rasmus Asplund Arttu Ruotsalainen Aliaksei Protas Ian Mitchell Jacob MacDonald
Goaltenders
Starting : Dylan Ferguson
Backup : Michael Dipietro
Extra Forwards
Normal : Tim Soderlund, Jayden Halbgewachs, James Hamblin - PP : Tim Soderlund, Jayden Halbgewachs - PK : James Hamblin
Extra Defensemen
Normal : Joseph Duszak, Filip Kral, Conor Timmins - PP : Joseph Duszak - PK : Filip Kral, Conor Timmins
Penalty Shots
Rasmus Asplund, Arttu Ruotsalainen, Aliaksei Protas, Jonatan Berggren, Joachim Blichfeld
% Time on Ice - Long Beach Ice Dogs
Lines # - Real PCT - Wanted PCT - Time Play
Normal Forward
1 - 30% - 30% - 15:03
2 - 29% - 30% - 14:30
3 - 25% - 25% - 12:21
4 - 17% - 15% - 8:18
Normal Defense
1 - 34% - 35% - 17:12
2 - 36% - 35% - 17:57
3 - 30% - 30% - 15:03
4 - 0% - 0% - 0:00
PP Forward
1 - 50% - 50% - 2:40
2 - 50% - 50% - 2:38
PP Defense
1 - 51% - 50% - 2:43
2 - 49% - 50% - 2:35
PK Forward
1 - 50% - 50% - 1:38
2 - 50% - 50% - 1:39
PK Defense
1 - 46% - 50% - 1:30
2 - 54% - 50% - 1:47
PK3 Forward
1 - 0% - 50%
2 - 0% - 50%
PK3 Defense
1 - 0% - 50%
2 - 0% - 50%
44 Forward
1 - 0% - 50%
2 - 0% - 50%
44 Defense
1 - 0% - 50%
2 - 0% - 50%
Last Minute Offensive - 0:00
Last Minute Defensive - 1:13
Total
Forward - 60:00
Defense - 60:00
|
% Time on Ice - Niagara IceDogs
Lines # - Real PCT - Wanted PCT - Time Play
Normal Forward
1 - 28% - 30% - 14:17
2 - 32% - 30% - 16:01
3 - 27% - 25% - 13:35
4 - 13% - 15% - 6:18
Normal Defense
1 - 29% - 30% - 14:44
2 - 31% - 30% - 15:45
3 - 27% - 25% - 13:21
4 - 13% - 15% - 6:21
PP Forward
1 - 43% - 50% - 1:24
2 - 57% - 50% - 1:53
PP Defense
1 - 25% - 50% - 0:49
2 - 75% - 50% - 2:28
PK Forward
1 - 51% - 50% - 2:42
2 - 49% - 50% - 2:36
PK Defense
1 - 51% - 50% - 2:43
2 - 49% - 50% - 2:35
PK3 Forward
1 - 0% - 50%
2 - 0% - 50%
PK3 Defense
1 - 0% - 50%
2 - 0% - 50%
44 Forward
1 - 0% - 50%
2 - 0% - 50%
44 Defense
1 - 0% - 50%
2 - 0% - 50%
Last Minute Offensive - 1:14
Last Minute Defensive - 0:00
Total
Forward - 60:00
Defense - 60:00
|
Play-by-Play
1st period
0:01 of 1st period - Gabriel Vilardi wins face-off versus Rasmus Asplund in neutral zone.
0:26 of 1st period - Justin Schultz is hit by Jonatan Berggren and loses puck.
0:31 of 1st period - Snap shot by Jonatan Berggren.
0:31 of 1st period - Stopped by Lukas Dostal without a rebound.
0:32 of 1st period - Jujhar Khaira wins face-off versus James Hamblin in Long Beach Ice Dogs zone.
1:02 of 1st period - Nicholas Robertson is hit by Logan Brown and loses puck.
1:11 of 1st period - Slapshot by Logan Brown.
1:11 of 1st period - Shot Misses the Net.
1:49 of 1st period - Slapshot by Gabriel Vilardi.
1:49 of 1st period - Goal by Gabriel Vilardi - Long Beach Ice Dogs : 1 - Niagara IceDogs : 0.
1:50 of 1st period - Jujhar Khaira wins face-off versus Rasmus Asplund in neutral zone.
1:59 of 1st period - Slapshot by Jujhar Khaira.
1:59 of 1st period - Stopped by Dylan Ferguson without a rebound.
2:00 of 1st period - Rasmus Asplund wins face-off versus Jujhar Khaira in Niagara IceDogs zone.
2:17 of 1st period - Snap shot by Mathieu Olivier.
2:17 of 1st period - Stopped by Dylan Ferguson with a rebound.
2:19 of 1st period - Snap shot by Jujhar Khaira.
2:19 of 1st period - Shot Misses the Net.
2:21 of 1st period - Wrist shot by Mathieu Olivier.
2:21 of 1st period - Stopped by Dylan Ferguson without a rebound.
2:22 of 1st period - Victor Rask wins face-off versus Jonatan Berggren in Niagara IceDogs zone.
2:28 of 1st period - Minor Penalty to Jonatan Berggren for Tripping.
2:29 of 1st period - Arttu Ruotsalainen wins face-off versus Gabriel Vilardi in Niagara IceDogs zone.
2:45 of 1st period - Snap shot by Brendan Gallagher.
2:45 of 1st period - Shot Blocked by Ian Mitchell.
2:59 of 1st period - Snap shot by Zack Kassian.
2:59 of 1st period - Deflect By Victor Rask.
2:59 of 1st period - Goal by Victor Rask - Long Beach Ice Dogs : 2 - Niagara IceDogs : 0.
3:00 of 1st period - Jonatan Berggren wins face-off versus Gabriel Vilardi in neutral zone.
3:03 of 1st period - Wrist shot by Jonatan Berggren.
3:03 of 1st period - Shot Misses the Net.
3:05 of 1st period - Snap shot by Jonatan Berggren.
3:05 of 1st period - Deflect By Anthony Angello.
3:05 of 1st period - Shot Misses the Net.
3:05 of 1st period - Puck is out of play.
3:06 of 1st period - Anthony Angello wins face-off versus Gabriel Vilardi in Long Beach Ice Dogs zone.
3:13 of 1st period - Snap shot by Jonatan Berggren.
3:13 of 1st period - Shot Blocked by Janis Moser.
3:21 of 1st period - Wrist shot by Joachim Blichfeld.
3:21 of 1st period - Shot Blocked by Riley Stillman.
5:50 of 1st period - Off-side.
5:51 of 1st period - Jonatan Berggren wins face-off versus Jujhar Khaira in neutral zone.
5:56 of 1st period - Wrist shot by Joachim Blichfeld.
5:56 of 1st period - Shot Misses the Net.
5:58 of 1st period - Wrist shot by Joachim Blichfeld.
5:58 of 1st period - Stopped by Lukas Dostal with a rebound.
6:00 of 1st period - Backhand shot by Anthony Angello.
6:00 of 1st period - Stopped by Lukas Dostal with a rebound.
6:02 of 1st period - Slapshot by Joachim Blichfeld.
6:02 of 1st period - Stopped by Lukas Dostal with a rebound.
6:04 of 1st period - Snap shot by Anthony Angello.
6:04 of 1st period - Deflect By Jonatan Berggren.
6:04 of 1st period - Shot Misses the Net.
6:04 of 1st period - Puck is out of play.
6:05 of 1st period - Jayden Halbgewachs wins face-off versus Victor Rask in Long Beach Ice Dogs zone.
6:08 of 1st period - Snap shot by James Hamblin.
6:08 of 1st period - Stopped by Lukas Dostal without a rebound.
6:09 of 1st period - Victor Rask wins face-off versus Jayden Halbgewachs in Long Beach Ice Dogs zone.
6:36 of 1st period - Darren Helm is hit by Ostap Safin and loses puck.
6:45 of 1st period - Wrist shot by Gabriel Vilardi.
6:45 of 1st period - Stopped by Dylan Ferguson with a rebound.
7:03 of 1st period - Wrist shot by Logan Brown.
7:03 of 1st period - Stopped by Dylan Ferguson with a rebound.
7:19 of 1st period - Slapshot by Rasmus Asplund.
7:19 of 1st period - Stopped by Lukas Dostal with a rebound.
7:21 of 1st period - Snap shot by Aliaksei Protas.
7:21 of 1st period - Shot Blocked by Dysin Mayo.
7:43 of 1st period - Wrist shot by James Hamblin.
7:43 of 1st period - Stopped by Lukas Dostal with a rebound.
7:45 of 1st period - Slapshot by John Ludvig.
7:45 of 1st period - Shot Blocked by Victor Rask.
7:47 of 1st period - Slapshot by James Hamblin.
7:47 of 1st period - Stopped by Lukas Dostal without a rebound.
7:48 of 1st period - Gabriel Vilardi wins face-off versus Jonatan Berggren in Long Beach Ice Dogs zone.
7:58 of 1st period - Minor Penalty to Joachim Blichfeld for Tripping.
7:59 of 1st period - Rasmus Asplund wins face-off versus Victor Rask in Niagara IceDogs zone.
9:19 of 1st period - Arttu Ruotsalainen is hit by Zack Kassian.
9:57 of 1st period - Conor Timmins is hit by Riley Stillman.
9:58 of 1st period - Penalty to Joachim Blichfeld is over, Joachim Blichfeld is back on ice.
10:14 of 1st period - Snap shot by Jansen Harkins.
10:14 of 1st period - Shot Misses the Net.
10:43 of 1st period - Tim Soderlund is hit by Jujhar Khaira and loses puck.
11:23 of 1st period - Minor Penalty to Dysin Mayo for Roughing.
11:24 of 1st period - Joachim Blichfeld wins face-off versus Gabriel Vilardi in Long Beach Ice Dogs zone.
11:25 of 1st period - Wrist shot by Jonatan Berggren.
11:25 of 1st period - Goal by Jonatan Berggren - Long Beach Ice Dogs : 2 - Niagara IceDogs : 1.
11:26 of 1st period - Victor Rask wins face-off versus Rasmus Asplund in neutral zone.
11:42 of 1st period - Wrist shot by Arttu Ruotsalainen.
11:42 of 1st period - Shot Misses the Net.
11:52 of 1st period - Ian Mitchell is hit by Riley Stillman and loses puck.
12:17 of 1st period - Wrist shot by Justin Schultz.
12:17 of 1st period - Shot Blocked by Conor Timmins.
12:55 of 1st period - Wrist shot by Victor Rask.
12:55 of 1st period - Stopped by Dylan Ferguson with a rebound.
12:57 of 1st period - Snap shot by Zack Kassian.
12:57 of 1st period - Stopped by Dylan Ferguson without a rebound.
12:58 of 1st period - Victor Rask wins face-off versus Rasmus Asplund in Niagara IceDogs zone.
13:05 of 1st period - Wrist shot by Zack Kassian.
13:05 of 1st period - Shot Misses the Net.
13:19 of 1st period - Snap shot by Aliaksei Protas.
13:19 of 1st period - Stopped by Lukas Dostal without a rebound.
13:20 of 1st period - Anthony Angello wins face-off versus Gabriel Vilardi in Long Beach Ice Dogs zone.
14:46 of 1st period - Snap shot by James Hamblin.
14:46 of 1st period - Stopped by Lukas Dostal with a rebound.
15:06 of 1st period - Slapshot by Jujhar Khaira.
15:06 of 1st period - Shot Misses the Net.
15:22 of 1st period - Slapshot by Mathieu Olivier.
15:22 of 1st period - Stopped by Dylan Ferguson with a rebound.
15:38 of 1st period - Wrist shot by Arttu Ruotsalainen.
15:38 of 1st period - Shot Blocked by Justin Schultz.
15:44 of 1st period - Snap shot by Aliaksei Protas.
15:44 of 1st period - Shot Blocked by Dysin Mayo.
16:12 of 1st period - Slapshot by Darren Helm.
16:12 of 1st period - Stopped by Dylan Ferguson with a rebound.
17:01 of 1st period - Ian Mitchell is hit by Shane Bowers and loses puck.
17:06 of 1st period - Wrist shot by Logan Brown.
17:06 of 1st period - Shot Blocked by Rasmus Asplund.
17:08 of 1st period - Slapshot by William Lagesson.
17:08 of 1st period - Shot Blocked by Jacob MacDonald.
17:23 of 1st period - Jonatan Berggren is hit by Zack Kassian and loses puck.
17:40 of 1st period - Wrist shot by Jayden Halbgewachs.
17:40 of 1st period - Stopped by Lukas Dostal without a rebound.
17:41 of 1st period - Jayden Halbgewachs wins face-off versus Gabriel Vilardi in Long Beach Ice Dogs zone.
18:31 of 1st period - Wrist shot by James Hamblin.
18:31 of 1st period - Stopped by Lukas Dostal with a rebound.
18:33 of 1st period - Slapshot by John Ludvig.
18:33 of 1st period - Shot Blocked by Olli Juolevi.
18:45 of 1st period - Slapshot by Jayden Halbgewachs.
18:45 of 1st period - Stopped by Lukas Dostal with a rebound.
18:47 of 1st period - Wrist shot by James Hamblin.
18:47 of 1st period - Shot Misses the Net.
18:49 of 1st period - Snap shot by James Hamblin.
18:49 of 1st period - Shot Misses the Net.
18:51 of 1st period - Snap shot by Conor Timmins.
18:51 of 1st period - Stopped by Lukas Dostal without a rebound.
18:52 of 1st period - Victor Rask wins face-off versus Rasmus Asplund in Long Beach Ice Dogs zone.
19:04 of 1st period - Off-side.
19:05 of 1st period - Rasmus Asplund wins face-off versus Victor Rask in neutral zone.
19:18 of 1st period - Snap shot by Rasmus Asplund.
19:18 of 1st period - Stopped by Lukas Dostal without a rebound.
19:19 of 1st period - Jujhar Khaira wins face-off versus Jonatan Berggren in Long Beach Ice Dogs zone.
19:28 of 1st period - Wrist shot by Jansen Harkins.
19:28 of 1st period - Shot Misses the Net.
19:30 of 1st period - Snap shot by Janis Moser.
19:30 of 1st period - Shot Blocked by Jacob MacDonald.
19:32 of 1st period - Slapshot by Janis Moser.
19:32 of 1st period - Deflect By Ian Mitchell.
19:32 of 1st period - Stopped by Dylan Ferguson without a rebound.
19:33 of 1st period - Victor Rask wins face-off versus Rasmus Asplund in Niagara IceDogs zone.
19:46 of 1st period - Alex Galchenyuk is hit by Jacob MacDonald and loses puck.
Goals for this period are 2 for Long Beach Ice Dogs vs 1 for Niagara IceDogs.
Shots for this period are 12 for Long Beach Ice Dogs vs 16 for Niagara IceDogs.
2nd period
0:01 of 2nd period - Rasmus Asplund wins face-off versus Victor Rask in neutral zone.
0:07 of 2nd period - Off-side.
0:08 of 2nd period - Victor Rask wins face-off versus Rasmus Asplund in neutral zone.
0:24 of 2nd period - Wrist shot by Victor Rask.
0:24 of 2nd period - Stopped by Dylan Ferguson without a rebound.
0:25 of 2nd period - Jujhar Khaira wins face-off versus Joachim Blichfeld in Niagara IceDogs zone.
0:27 of 2nd period - Anthony Angello beats up Jujhar Khaira.
0:27 of 2nd period - Penalty to Anthony Angello for Fighting.
0:27 of 2nd period - Penalty to Jujhar Khaira for Fighting.
0:28 of 2nd period - Jonatan Berggren wins face-off versus Shane Bowers in Niagara IceDogs zone.
0:28 of 2nd period - Jonatan Berggren is hit by Shane Bowers.
0:40 of 2nd period - Snap shot by Joachim Blichfeld.
0:40 of 2nd period - Stopped by Lukas Dostal with a rebound.
0:42 of 2nd period - Slapshot by Jacob MacDonald.
0:42 of 2nd period - Shot Misses the Net.
0:44 of 2nd period - Snap shot by Jonatan Berggren.
0:44 of 2nd period - Stopped by Lukas Dostal with a rebound.
0:54 of 2nd period - William Lagesson is hit by Aliaksei Protas and loses puck.
1:17 of 2nd period - Snap shot by Zack Kassian.
1:17 of 2nd period - Shot Misses the Net.
1:19 of 2nd period - Snap shot by Victor Rask.
1:19 of 2nd period - Shot Blocked by Ian Mitchell.
1:21 of 2nd period - Slapshot by Janis Moser.
1:21 of 2nd period - Stopped by Dylan Ferguson with a rebound.
1:23 of 2nd period - Slapshot by Alex Galchenyuk.
1:23 of 2nd period - Goal by Alex Galchenyuk - Long Beach Ice Dogs : 3 - Niagara IceDogs : 1.
1:24 of 2nd period - Jonatan Berggren wins face-off versus Victor Rask in neutral zone.
1:37 of 2nd period - Wrist shot by Zack Kassian.
1:37 of 2nd period - Shot Misses the Net.
1:39 of 2nd period - Slapshot by Zack Kassian.
1:39 of 2nd period - Stopped by Dylan Ferguson with a rebound.
1:49 of 2nd period - Backhand shot by Jansen Harkins.
1:49 of 2nd period - Goal by Jansen Harkins - Long Beach Ice Dogs : 4 - Niagara IceDogs : 1.
1:50 of 2nd period - Gabriel Vilardi wins face-off versus Rasmus Asplund in neutral zone.
1:53 of 2nd period - Wrist shot by Darren Helm.
1:53 of 2nd period - Stopped by Dylan Ferguson with a rebound.
1:55 of 2nd period - Snap shot by Darren Helm.
1:55 of 2nd period - Shot Misses the Net.
1:57 of 2nd period - Wrist shot by Darren Helm.
1:57 of 2nd period - Stopped by Dylan Ferguson with a rebound.
1:59 of 2nd period - Slapshot by Olli Juolevi.
1:59 of 2nd period - Shot Blocked by Arttu Ruotsalainen.
2:01 of 2nd period - Snap shot by Darren Helm.
2:01 of 2nd period - Shot Misses the Net.
2:03 of 2nd period - Slapshot by Darren Helm.
2:03 of 2nd period - Stopped by Dylan Ferguson with a rebound.
2:05 of 2nd period - Wrist shot by Darren Helm.
2:05 of 2nd period - Stopped by Dylan Ferguson with a rebound.
2:24 of 2nd period - Slapshot by Rasmus Asplund.
2:24 of 2nd period - Shot Blocked by Zack Kassian.
2:26 of 2nd period - Minor Penalty to Alex Galchenyuk for Cross-checking.
2:27 of 2nd period - Jonatan Berggren wins face-off versus Brendan Gallagher in Long Beach Ice Dogs zone.
3:08 of 2nd period - Justin Schultz is hit by John Ludvig and loses puck.
4:21 of 2nd period - Logan Brown is hit by Alex Whelan and loses puck.
4:26 of 2nd period - Penalty to Alex Galchenyuk is over, Alex Galchenyuk is back on ice.
4:28 of 2nd period - Wrist shot by Jayden Halbgewachs.
4:28 of 2nd period - Stopped by Lukas Dostal without a rebound.
4:29 of 2nd period - Shane Bowers wins face-off versus Jayden Halbgewachs in Long Beach Ice Dogs zone.
4:29 of 2nd period - Shane Bowers is hit by Alex Whelan.
4:45 of 2nd period - Snap shot by Mathieu Olivier.
4:45 of 2nd period - Shot Blocked by Filip Kral.
5:03 of 2nd period - Snap shot by Nicholas Robertson.
5:03 of 2nd period - Stopped by Lukas Dostal with a rebound.
5:17 of 2nd period - Snap shot by Jonatan Berggren.
5:17 of 2nd period - Shot Misses the Net.
5:23 of 2nd period - Joachim Blichfeld is hit by Brendan Gallagher and loses puck.
5:35 of 2nd period - Off-side.
5:36 of 2nd period - Jayden Halbgewachs wins face-off versus Logan Brown in neutral zone.
6:01 of 2nd period - Anthony Angello is hit by Zack Kassian and loses puck.
6:10 of 2nd period - Snap shot by Zack Kassian.
6:10 of 2nd period - Shot Blocked by Conor Timmins.
6:26 of 2nd period - Snap shot by Jujhar Khaira.
6:26 of 2nd period - Shot Blocked by Conor Timmins.
7:05 of 2nd period - Wrist shot by Nicholas Robertson.
7:05 of 2nd period - Stopped by Lukas Dostal with a rebound.
7:17 of 2nd period - Minor Penalty to Joseph Duszak for Elbowing.
7:18 of 2nd period - Victor Rask wins face-off versus Aliaksei Protas in Niagara IceDogs zone.
7:31 of 2nd period - Snap shot by Rasmus Asplund.
7:31 of 2nd period - Shot Blocked by Janis Moser.
7:35 of 2nd period - Slapshot by Rasmus Asplund.
7:35 of 2nd period - Shot Misses the Net.
7:39 of 2nd period - Wrist shot by Rasmus Asplund.
7:39 of 2nd period - Deflect By Arttu Ruotsalainen.
7:39 of 2nd period - Goal by Arttu Ruotsalainen - Long Beach Ice Dogs : 4 - Niagara IceDogs : 2.
7:40 of 2nd period - Gabriel Vilardi wins face-off versus Aliaksei Protas in neutral zone.
7:44 of 2nd period - Off-side.
7:45 of 2nd period - Gabriel Vilardi wins face-off versus Aliaksei Protas in neutral zone.
7:50 of 2nd period - Wrist shot by Gabriel Vilardi.
7:50 of 2nd period - Shot Misses the Net.
7:52 of 2nd period - Slapshot by Dysin Mayo.
7:52 of 2nd period - Shot Misses the Net.
7:54 of 2nd period - Wrist shot by Justin Schultz.
7:54 of 2nd period - Shot Misses the Net.
7:56 of 2nd period - Wrist shot by Gabriel Vilardi.
7:56 of 2nd period - Stopped by Dylan Ferguson with a rebound.
7:58 of 2nd period - Snap shot by Darren Helm.
7:58 of 2nd period - Goal by Darren Helm - Long Beach Ice Dogs : 5 - Niagara IceDogs : 2.
7:59 of 2nd period - Rasmus Asplund wins face-off versus Gabriel Vilardi in neutral zone.
8:10 of 2nd period - Wrist shot by Rasmus Asplund.
8:10 of 2nd period - Stopped by Lukas Dostal with a rebound.
8:12 of 2nd period - Backhand shot by Jacob MacDonald.
8:12 of 2nd period - Shot Misses the Net.
8:14 of 2nd period - Snap shot by Arttu Ruotsalainen.
8:14 of 2nd period - Stopped by Lukas Dostal with a rebound.
8:26 of 2nd period - Slapshot by Jayden Halbgewachs.
8:26 of 2nd period - Stopped by Lukas Dostal with a rebound.
8:49 of 2nd period - Wrist shot by Gabriel Vilardi.
8:49 of 2nd period - Deflect By James Hamblin.
8:49 of 2nd period - Shot Blocked by James Hamblin.
8:49 of 2nd period - Puck is out of play.
8:50 of 2nd period - Jonatan Berggren wins face-off versus Victor Rask in Niagara IceDogs zone.
8:50 of 2nd period - Jonatan Berggren is hit by Riley Stillman.
9:53 of 2nd period - Snap shot by Jujhar Khaira.
9:53 of 2nd period - Stopped by Dylan Ferguson without a rebound.
9:54 of 2nd period - Jonatan Berggren wins face-off versus Victor Rask in Niagara IceDogs zone.
10:19 of 2nd period - Snap shot by Jayden Halbgewachs.
10:19 of 2nd period - Deflect By James Hamblin.
10:19 of 2nd period - Shot Misses the Net.
10:19 of 2nd period - Puck is out of play.
10:20 of 2nd period - Gabriel Vilardi wins face-off versus Jayden Halbgewachs in Long Beach Ice Dogs zone.
10:24 of 2nd period - Off-side.
10:25 of 2nd period - Darren Helm wins face-off versus James Hamblin in neutral zone.
10:28 of 2nd period - Jayden Halbgewachs is hit by William Lagesson and loses puck.
10:33 of 2nd period - Snap shot by Brendan Gallagher.
10:33 of 2nd period - Shot Misses the Net.
10:35 of 2nd period - Wrist shot by Gabriel Vilardi.
10:35 of 2nd period - Shot Misses the Net.
10:51 of 2nd period - Wrist shot by Jayden Halbgewachs.
10:51 of 2nd period - Shot Misses the Net.
10:55 of 2nd period - Wrist shot by Arttu Ruotsalainen.
10:55 of 2nd period - Goal by Arttu Ruotsalainen - Long Beach Ice Dogs : 5 - Niagara IceDogs : 3.
10:56 of 2nd period - Arttu Ruotsalainen wins face-off versus Mathieu Olivier in neutral zone.
11:07 of 2nd period - Ian Mitchell is hit by Dysin Mayo and loses puck.
11:30 of 2nd period - Snap shot by Jonatan Berggren.
11:30 of 2nd period - Shot Misses the Net.
11:32 of 2nd period - Slapshot by Ian Mitchell.
11:32 of 2nd period - Stopped by Lukas Dostal without a rebound.
11:33 of 2nd period - Darren Helm wins face-off versus Jonatan Berggren in Long Beach Ice Dogs zone.
12:33 of 2nd period - Off-side.
12:34 of 2nd period - Jujhar Khaira wins face-off versus Jonatan Berggren in neutral zone.
12:55 of 2nd period - Anthony Angello is hit by Jansen Harkins and loses puck.
13:34 of 2nd period - Snap shot by Joachim Blichfeld.
13:34 of 2nd period - Stopped by Lukas Dostal with a rebound.
13:36 of 2nd period - Wrist shot by Jonatan Berggren.
13:36 of 2nd period - Shot Misses the Net.
13:38 of 2nd period - Slapshot by Conor Timmins.
13:38 of 2nd period - Shot Misses the Net.
13:40 of 2nd period - Snap shot by Joachim Blichfeld.
13:40 of 2nd period - Deflect By Anthony Angello.
13:40 of 2nd period - Stopped by Lukas Dostal with a rebound.
13:42 of 2nd period - Slapshot by Joachim Blichfeld.
13:42 of 2nd period - Goal by Joachim Blichfeld - Long Beach Ice Dogs : 5 - Niagara IceDogs : 4.
13:43 of 2nd period - Rasmus Asplund wins face-off versus Gabriel Vilardi in neutral zone.
13:55 of 2nd period - Icing by Ian Mitchell.
13:56 of 2nd period - Jujhar Khaira wins face-off versus Rasmus Asplund in Niagara IceDogs zone.
14:03 of 2nd period - Wrist shot by Aliaksei Protas.
14:03 of 2nd period - Shot Blocked by Janis Moser.
14:05 of 2nd period - Slapshot by Rasmus Asplund.
14:05 of 2nd period - Shot Misses the Net.
14:07 of 2nd period - Slapshot by Rasmus Asplund.
14:07 of 2nd period - Deflect By Aliaksei Protas.
14:07 of 2nd period - Goal by Aliaksei Protas - Long Beach Ice Dogs : 5 - Niagara IceDogs : 5.
14:08 of 2nd period - Rasmus Asplund wins face-off versus Victor Rask in neutral zone.
14:11 of 2nd period - Alex Galchenyuk is hit by Arttu Ruotsalainen and loses puck.
15:09 of 2nd period - Slapshot by Justin Schultz.
15:09 of 2nd period - Shot Blocked by Jayden Halbgewachs.
15:34 of 2nd period - William Lagesson is hit by Rasmus Asplund and loses puck.
16:01 of 2nd period - Aliaksei Protas is hit by Gabriel Vilardi and loses puck.
16:34 of 2nd period - Wrist shot by Victor Rask.
16:34 of 2nd period - Shot Misses the Net.
17:51 of 2nd period - Minor Penalty to Zack Kassian for Hooking.
17:52 of 2nd period - Jonatan Berggren wins face-off versus Gabriel Vilardi in Long Beach Ice Dogs zone.
17:55 of 2nd period - Wrist shot by Jonatan Berggren.
17:55 of 2nd period - Shot Misses the Net.
18:29 of 2nd period - Snap shot by Aliaksei Protas.
18:29 of 2nd period - Shot Blocked by Justin Schultz.
18:31 of 2nd period - Snap shot by Aliaksei Protas.
18:31 of 2nd period - Goal by Aliaksei Protas - Long Beach Ice Dogs : 5 - Niagara IceDogs : 6.
18:32 of 2nd period - Gabriel Vilardi wins face-off versus Rasmus Asplund in neutral zone.
18:35 of 2nd period - Joseph Duszak is hit by Riley Stillman and loses puck.
19:41 of 2nd period - John Ludvig is hit by Dysin Mayo and loses puck.
19:48 of 2nd period - Slapshot by Justin Schultz.
19:48 of 2nd period - Stopped by Dylan Ferguson with a rebound.
Goals for this period are 3 for Long Beach Ice Dogs vs 5 for Niagara IceDogs.
Shots for this period are 13 for Long Beach Ice Dogs vs 16 for Niagara IceDogs.
3rd period
0:01 of 3rd period - Gabriel Vilardi wins face-off versus Rasmus Asplund in neutral zone.
0:05 of 3rd period - Off-side.
0:06 of 3rd period - Rasmus Asplund wins face-off versus Brendan Gallagher in neutral zone.
0:11 of 3rd period - Wrist shot by Rasmus Asplund.
0:11 of 3rd period - Stopped by Lukas Dostal without a rebound.
0:12 of 3rd period - Rasmus Asplund wins face-off versus Zack Kassian in Long Beach Ice Dogs zone.
0:19 of 3rd period - Snap shot by Zack Kassian.
0:19 of 3rd period - Shot Misses the Net.
0:21 of 3rd period - Slapshot by Riley Stillman.
0:21 of 3rd period - Shot Misses the Net.
0:48 of 3rd period - Slapshot by Mathieu Olivier.
0:48 of 3rd period - Stopped by Dylan Ferguson with a rebound.
0:58 of 3rd period - Darren Helm is hit by Jayden Halbgewachs and loses puck.
1:07 of 3rd period - Snap shot by James Hamblin.
1:07 of 3rd period - Stopped by Lukas Dostal without a rebound.
1:08 of 3rd period - Victor Rask wins face-off versus Rasmus Asplund in Long Beach Ice Dogs zone.
1:20 of 3rd period - Off-side.
1:21 of 3rd period - Gabriel Vilardi wins face-off versus Rasmus Asplund in neutral zone.
1:32 of 3rd period - Wrist shot by Gabriel Vilardi.
1:32 of 3rd period - Stopped by Dylan Ferguson with a rebound.
1:34 of 3rd period - Snap shot by Gabriel Vilardi.
1:34 of 3rd period - Shot Blocked by Conor Timmins.
1:36 of 3rd period - Wrist shot by Brendan Gallagher.
1:36 of 3rd period - Deflect By Gabriel Vilardi.
1:36 of 3rd period - Stopped by Dylan Ferguson with a rebound.
2:35 of 3rd period - Snap shot by Logan Brown.
2:35 of 3rd period - Shot Misses the Net.
2:37 of 3rd period - Wrist shot by Logan Brown.
2:37 of 3rd period - Stopped by Dylan Ferguson without a rebound.
2:38 of 3rd period - Gabriel Vilardi wins face-off versus Jonatan Berggren in Niagara IceDogs zone.
2:41 of 3rd period - Wrist shot by Gabriel Vilardi.
2:41 of 3rd period - Stopped by Dylan Ferguson without a rebound.
2:42 of 3rd period - Jonatan Berggren wins face-off versus Gabriel Vilardi in Niagara IceDogs zone.
3:09 of 3rd period - Snap shot by Aliaksei Protas.
3:09 of 3rd period - Stopped by Lukas Dostal with a rebound.
3:11 of 3rd period - Slapshot by Rasmus Asplund.
3:11 of 3rd period - Shot Misses the Net.
3:13 of 3rd period - Wrist shot by Arttu Ruotsalainen.
3:13 of 3rd period - Shot Blocked by Dysin Mayo.
4:02 of 3rd period - Minor Penalty to Shane Bowers for Tripping.
4:03 of 3rd period - Gabriel Vilardi wins face-off versus Rasmus Asplund in Long Beach Ice Dogs zone.
4:14 of 3rd period - Slapshot by John Ludvig.
4:14 of 3rd period - Shot Blocked by Janis Moser.
4:16 of 3rd period - Snap shot by Aliaksei Protas.
4:16 of 3rd period - Shot Blocked by Brendan Gallagher.
4:18 of 3rd period - Snap shot by Aliaksei Protas.
4:18 of 3rd period - Shot Misses the Net.
4:38 of 3rd period - Snap shot by Jonatan Berggren.
4:38 of 3rd period - Goal by Jonatan Berggren - Long Beach Ice Dogs : 5 - Niagara IceDogs : 7.
4:39 of 3rd period - Gabriel Vilardi wins face-off versus Rasmus Asplund in neutral zone.
5:11 of 3rd period - Wrist shot by Zack Kassian.
5:11 of 3rd period - Stopped by Dylan Ferguson with a rebound.
5:13 of 3rd period - Snap shot by Riley Stillman.
5:13 of 3rd period - Shot Misses the Net.
5:33 of 3rd period - Wrist shot by Trey Fix-Wolansky.
5:33 of 3rd period - Stopped by Dylan Ferguson with a rebound.
5:35 of 3rd period - Snap shot by Shane Bowers.
5:35 of 3rd period - Goal by Shane Bowers - Long Beach Ice Dogs : 6 - Niagara IceDogs : 7.
5:36 of 3rd period - Aliaksei Protas wins face-off versus Gabriel Vilardi in neutral zone.
6:06 of 3rd period - Jacob MacDonald is hit by Gabriel Vilardi and loses puck.
6:35 of 3rd period - Slapshot by Brendan Gallagher.
6:35 of 3rd period - Shot Misses the Net.
6:37 of 3rd period - Minor Penalty to Alex Whelan for Roughing.
6:38 of 3rd period - Victor Rask wins face-off versus Rasmus Asplund in Niagara IceDogs zone.
6:41 of 3rd period - Snap shot by Victor Rask.
6:41 of 3rd period - Stopped by Dylan Ferguson without a rebound.
6:42 of 3rd period - Victor Rask wins face-off versus Rasmus Asplund in Niagara IceDogs zone.
6:43 of 3rd period - Wrist shot by Zack Kassian.
6:43 of 3rd period - Shot Hit the Post.
6:45 of 3rd period - Slapshot by Zack Kassian.
6:45 of 3rd period - Goal by Zack Kassian - Long Beach Ice Dogs : 7 - Niagara IceDogs : 7.
6:46 of 3rd period - Rasmus Asplund wins face-off versus Jujhar Khaira in neutral zone.
6:51 of 3rd period - Mathieu Olivier is hit by Ostap Safin.
7:11 of 3rd period - Anthony Angello is hit by Janis Moser and loses puck.
7:20 of 3rd period - Snap shot by Victor Rask.
7:20 of 3rd period - Stopped by Dylan Ferguson without a rebound.
7:21 of 3rd period - Rasmus Asplund wins face-off versus Gabriel Vilardi in Niagara IceDogs zone.
7:21 of 3rd period - Rasmus Asplund is hit by Darren Helm.
7:31 of 3rd period - Wrist shot by Gabriel Vilardi.
7:31 of 3rd period - Shot Blocked by John Ludvig.
7:33 of 3rd period - Slapshot by William Lagesson.
7:33 of 3rd period - Shot Blocked by Conor Timmins.
7:35 of 3rd period - Wrist shot by Darren Helm.
7:35 of 3rd period - Goal by Darren Helm - Long Beach Ice Dogs : 8 - Niagara IceDogs : 7.
7:36 of 3rd period - Jujhar Khaira wins face-off versus Rasmus Asplund in neutral zone.
8:01 of 3rd period - Alex Galchenyuk is hit by Jayden Halbgewachs and loses puck.
8:46 of 3rd period - Minor Penalty to Ostap Safin for Elbowing.
8:47 of 3rd period - Aliaksei Protas wins face-off versus Gabriel Vilardi in Niagara IceDogs zone.
10:12 of 3rd period - Conor Timmins is hit by Janis Moser and loses puck.
10:46 of 3rd period - Penalty to Ostap Safin is over, Ostap Safin is back on ice.
11:10 of 3rd period - Snap shot by Nicholas Robertson.
11:10 of 3rd period - Stopped by Lukas Dostal with a rebound.
12:15 of 3rd period - Jujhar Khaira is hit by John Ludvig and loses puck.
12:38 of 3rd period - Zack Kassian is hit by Ostap Safin and loses puck.
13:02 of 3rd period - Alex Whelan is hit by Shane Bowers and loses puck.
13:52 of 3rd period - Jacob MacDonald is hit by William Lagesson.
14:04 of 3rd period - Wrist shot by Brendan Gallagher.
14:04 of 3rd period - Stopped by Dylan Ferguson with a rebound.
15:12 of 3rd period - Joseph Duszak is hit by Alex Galchenyuk and loses puck.
15:24 of 3rd period - Off-side.
15:25 of 3rd period - Jonatan Berggren wins face-off versus Gabriel Vilardi in neutral zone.
15:32 of 3rd period - Dysin Mayo is hit by Conor Timmins and loses puck.
16:17 of 3rd period - Slapshot by Alex Galchenyuk.
16:17 of 3rd period - Deflect By Victor Rask.
16:17 of 3rd period - Shot Blocked by Ian Mitchell.
16:17 of 3rd period - Puck is out of play.
16:18 of 3rd period - Rasmus Asplund wins face-off versus Mathieu Olivier in Niagara IceDogs zone.
16:18 of 3rd period - Rasmus Asplund is hit by Mathieu Olivier.
16:27 of 3rd period - John Ludvig is hit by Riley Stillman and loses puck.
17:59 of 3rd period - Rasmus Asplund is hit by William Lagesson and loses puck.
18:29 of 3rd period - Logan Brown is hit by Jonatan Berggren and loses puck.
18:32 of 3rd period - Niagara IceDogs, Dylan Ferguson is pulled from the net.
19:57 of 3rd period - Snap shot by Arttu Ruotsalainen.
19:57 of 3rd period - Shot Misses the Net.
19:59 of 3rd period - Slapshot by Joseph Duszak.
19:59 of 3rd period - Stopped by Lukas Dostal with a rebound.
Goals for this period are 3 for Long Beach Ice Dogs vs 1 for Niagara IceDogs.
Shots for this period are 13 for Long Beach Ice Dogs vs 6 for Niagara IceDogs.
Back to the Top